 Dungeon Sprint DCSS version 0.20-a0-556-g892c87b (webtiles) character file.

1734 Kidiri the Thaumaturge (level 8, -8/45 HPs)
             Began as a Deep Elf Fire Elementalist on Feb 4, 2017.
             Was a Priest of Vehumet.
             Killed from afar by Erolcha (33 damage)
             ... with a bolt of lightning
             ... in the Dungeon (Sprint III: "The Ten Rune Challenge").
             The game lasted 00:07:07 (1848 turns).

Kidiri the Thaumaturge (Deep Elf Fire Elementalist) Turns: 1848, Time: 00:07:08

Health: -8/45      AC:  2    Str:  5    XL:     8   Next: 76%
Magic:  18/26      EV: 18    Int: 23    God:    Vehumet [***...]
Gold:   52         SH:  0    Dex: 17    Spells: 7/32 levels left

rFire    . . .     SeeInvis .   e - +0 dagger
rCold    . . .     Gourm    .   a - +0 robe
rNeg     . . .     Faith    .   (no shield)
rPois    .         Spirit   .   (helmet restricted)
rElec    .         Reflect  .   (no cloak)
rCorr    .         Harm     .   (no gloves)
MR       .....     Rnd*Rage +   (no boots)
Stlth    +++....... NoTele   +  (no amulet)
Regen    0.2/turn               (no ring)
                                (no ring)

@: no status effects
A: horns 1, thin skeletal structure 1, berserk 1, frail 1, evolution 1
a: Renounce Religion


You were in the Dungeon.
You worshipped Vehumet.
Vehumet was most pleased with you.
You were not hungry.

You visited 1 branch You collected 52 gold pieces.

Inventory:

Hand Weapons
 e - a +0 dagger (weapon)
Armour
 a - a +0 robe (worn)
Wands
 i - a wand of polymorph (6/24)
Scrolls
 k - a scroll of immolation {unknown}
 m - a scroll of remove curse {unknown}
 p - a scroll of torment {unknown}
 q - a scroll of recharging {unknown}
Potions
 f - a potion of haste
 g - 2 potions of magic
 h - 2 potions of berserk rage
 j - a potion of curing
 o - 5 potions of cure mutation
 r - a potion of flight
Books
 b - a book of Flames

   Spells                             Type                      Level
   a - Flame Tongue                   Conjuration/Fire             1
   b - Throw Flame                    Conjuration/Fire             2
   c - Conjure Flame                  Conjuration/Fire             3
   d - Inner Flame                    Hexes/Fire                   3
   e - Sticky Flame                   Conjuration/Fire             4
   f - Fireball                       Conjuration/Fire             5
 d - a book of Cantrips

   Spells                             Type                      Level
   a - Confusing Touch                Hexes                        1
   b - Animate Skeleton               Necromancy                   1
   c - Summon Small Mammal            Summoning                    1
   d - Apportation                    Translocation                1
Comestibles
 c - a royal jelly
 l - a chunk of flesh
 n - 2 meat rations


   Skills:
 + Level 5.7 Fighting
 + Level 5.6 Short Blades
 + Level 5.7 Armour
 + Level 8.7 Dodging
 - Level 2.4 Stealth
 * Level 12.9 Spellcasting
 + Level 7.7 Conjurations
 + Level 8.4 Fire Magic
 + Level 2.1 Earth Magic
 + Level 3.0 Poison Magic


You had 7 spell levels left.
You knew the following spells:

 Your Spells              Type           Power        Failure   Level  Hunger
a - Flame Tongue          Conj/Fire      #####        1%          1    None
b - Throw Flame           Conj/Fire      ######       1%          2    None
c - Conjure Flame         Conj/Fire      ######..     1%          3    None
d - Inner Flame           Hex/Fire       ####....     1%          3    None
e - Sticky Flame          Conj/Fire      ######..     1%          4    None
f - Fireball              Conj/Fire      ######....   1%          5    ###....
g - Sting                 Conj/Pois      ####         1%          1    None
h - Stone Arrow           Conj/Erth      #####.       1%          3    None
i - Ignite Poison         Fire/Tmut/Pois ####....     1%          3    None


Dungeon Overview and Level Annotations

Branches:
Dungeon (1/1)

Altars:
Cheibriados
Dithmenos
Elyvilon
Fedhas
Gozag
Hepliaklqana
Kikubaaqudgha
Makhleb
Nemelex Xobeh
Okawaru
Qazlal
Ru
Sif Muna
Trog
Uskayaw
Vehumet
Xom
Yredelemnul
Zin
The Shining One
Beogh
Jiyva
Lugonu

Annotations:
D Erolcha


Innate Abilities, Weirdness & Mutations

You have a pair of small horns on your head.
You have a somewhat thin skeletal structure. (Dex +2, Stealth)
You tend to lose your temper in combat.
You are frail. (-10% HP)
You evolve.


Message History

Press: ? - help, Shift-Dir - straight line, f/p - Erolcha
Aim: Erolcha, wielding a giant spiked club and wearing an embroidered robe (severely wounded, covered in liquid flames)
The flame tongue hits Erolcha.
Erolcha is severely wounded.
Erolcha burns!
Erolcha gestures at you while chanting. You resist with some effort.
Unknown command.
Casting: Flame Tongue
Confirm with . or Enter, or press ? or * to list all spells.
Aiming: Flame Tongue
Press: ? - help, Shift-Dir - straight line, f/p - Erolcha
Aim: Erolcha, wielding a giant spiked club and wearing an embroidered robe (almost dead, covered in liquid flames)
The flame tongue hits Erolcha.
Erolcha is almost dead.
Erolcha burns!
Erolcha points at you and mumbles some strange words.
The bolt of lightning hits you!
Ouch! That really hurt!
You die...

##### [#__# .#._#
##+## ....# ....#
###'#
#...#+##############
#...#....#.#.#..@OO#
#...##.#))#.##)###.#
#...'##.#.#.##.#..##
+...#.).#..#..##.O
▓▓▓▓▓▓▓▓▓▓▓▓▓▓▓▓▓▓


You could see a two-headed ogre and Erolcha (burning).

Vanquished Creatures
  A deep elf mage (D)
  A shadow (D)
  A spatial vortex (D)
  A necrophage (D)
  4 two-headed ogres (D)
  A water elemental (D)
  A jelly (D)
  Jessica (D)
  A wizard (D)
  A necromancer (D)
  3 humans (D)
  A kobold demonologist (D)
  A wolf (D)
  2 oozes (D)
20 creatures vanquished.

Vanquished Creatures (others)
  2 draconian scorchers (D)
  2 yaktaurs (D)
  6 hellions (D)
10 creatures vanquished.

Grand Total: 30 creatures vanquished

Notes
Turn   | Place    | Note
-------+----------+-------------------------------------------
     0 | D        | Kidiri the Deep Elf Fire Elementalist began the quest for the Orb.
     0 | D        | Reached XP level 1. HP: 10/10 MP: 6/6
     8 | D        | Reached skill level 4 in Spellcasting
    77 | D        | Reached skill level 1 in Fighting
    77 | D        | Reached skill level 1 in Armour
    77 | D        | Reached XP level 2. HP: 16/16 MP: 5/9
    81 | D        | Learned a level 2 spell: Throw Flame
    91 | D        | Killed a hellion
   113 | D        | Killed a hellion
   136 | D        | Killed a hellion
   138 | D        | Killed a hellion
   139 | D        | Killed a hellion
   150 | D        | Noticed Jessica
   150 | D        | Killed a hellion
   152 | D        | Killed Jessica
   152 | D        | Reached skill level 5 in Spellcasting
   152 | D        | Reached XP level 3. HP: 21/21 MP: 7/11
   157 | D        | Learned a level 3 spell: Conjure Flame
   161 | D        | Learned a level 3 spell: Inner Flame
   200 | D        | Killed a white draconian scorcher
   244 | D        | Killed a white draconian scorcher
   299 | D        | Reached skill level 6 in Spellcasting
   299 | D        | Reached XP level 4. HP: 26/26 MP: 11/14
   319 | D        | Killed a yaktaur
   367 | D        | Gained mutation: You have a somewhat thin skeletal structure. (Dex +2, Stealth) [potion of mutation]
   367 | D        | Gained mutation: You are frail. (-10% HP) [potion of mutation]
   368 | D        | Gained mutation: You tend to lose your temper in combat. [potion of mutation]
   368 | D        | Gained mutation: You evolve. [potion of mutation]
   368 | D        | Gained mutation: You have a pair of small horns on your head. [potion of mutation]
   374 | D        | Learned a level 4 spell: Sticky Flame
   407 | D        | Noticed a water elemental
   411 | D        | Killed a water elemental
   411 | D        | Reached skill level 7 in Spellcasting
   411 | D        | Reached skill level 5 in Fire Magic
   413 | D        | Killed a yaktaur
   679 | D        | Found a radiant altar of Vehumet.
   680 | D        | Found a deep blue altar of Sif Muna.
   680 | D        | Found an ancient bone altar of Kikubaaqudgha.
   680 | D        | Noticed a wizard
   683 | D        | Killed a wizard
   683 | D        | Reached skill level 5 in Dodging
   683 | D        | Reached XP level 5. HP: 28/28 MP: 11/17
   685 | D        | Reached skill level 8 in Spellcasting
   696 | D        | Became a worshipper of Vehumet
   724 | D        | Learned a level 5 spell: Fireball
   762 | D        | Found a glowing silver altar of Zin.
   762 | D        | Found a glowing golden altar of the Shining One.
   762 | D        | Found a white marble altar of Elyvilon.
   762 | D        | Noticed a deep elf mage
   769 | D        | Noticed a chaos spawn
   776 | D        | Noticed a demonic crawler
   776 | D        | Noticed a tarantella
   782 | D        | Noticed a tarantella
   783 | D        | Killed a deep elf mage
   783 | D        | Reached skill level 10 in Spellcasting
   783 | D        | Reached XP level 6. HP: 10/35 MP: 6/21
   783 | D        | Reached XP level 7. HP: 11/39 MP: 6/23
  1010 | D        | Found a hide-covered altar of Uskayaw.
  1010 | D        | Found a roughly hewn altar of Beogh.
  1010 | D        | Found an iron altar of Okawaru.
  1010 | D        | Found a bloodstained altar of Trog.
  1010 | D        | Noticed a human
  1012 | D        | Noticed a human
  1018 | D        | Killed a human
  1018 | D        | Reached skill level 11 in Spellcasting
  1025 | D        | Killed a human
  1025 | D        | Reached * piety under Vehumet
  1025 | D        | Offered knowledge of Sandblast by Vehumet.
  1025 | D        | Reached skill level 5 in Armour
  1275 | D        | Found a basalt altar of Yredelemnul.
  1275 | D        | Found a shadowy altar of Dithmenos.
  1275 | D        | Found a sacrificial altar of Ru.
  1280 | D        | Reached skill level 5 in Fighting
  1344 | D        | Reached ** piety under Vehumet
  1344 | D        | Offered knowledge of Sting by Vehumet.
  1348 | D        | Learned a level 1 spell: Sting
  1390 | D        | Noticed a shadow
  1393 | D        | Killed a shadow
  1393 | D        | Reached skill level 12 in Spellcasting
  1393 | D        | Reached skill level 1 in Poison Magic
  1393 | D        | Reached XP level 8. HP: 44/44 MP: 26/26
  1424 | D        | Found a blossoming altar of Fedhas.
  1424 | D        | Found a stormy altar of Qazlal.
  1425 | D        | Found a snail-covered altar of Cheibriados.
  1425 | D        | Found a burning altar of Makhleb.
  1425 | D        | Found a hazy altar of Hepliaklqana.
  1425 | D        | Found a shimmering altar of Xom.
  1425 | D        | Found an opulent altar of Gozag.
  1425 | D        | Found a sparkling altar of Nemelex Xobeh.
  1425 | D        | Found a corrupted altar of Lugonu.
  1425 | D        | Found a viscous altar of Jiyva.
  1440 | D        | Offered knowledge of Stone Arrow by Vehumet.
  1440 | D        | Reached skill level 5 in Short Blades
  1445 | D        | Learned a level 3 spell: Stone Arrow
  1543 | D        | Reached *** piety under Vehumet
  1543 | D        | Reached skill level 1 in Earth Magic
  1659 | D        | Noticed a two-headed ogre
  1667 | D        | Killed a two-headed ogre
  1667 | D        | Offered knowledge of Ignite Poison by Vehumet.
  1724 | D        | Learned a level 3 spell: Ignite Poison
  1840 | D        | Noticed a two-headed ogre
  1840 | D        | Noticed Erolcha
  1848 | D        | Killed from afar by Erolcha

Vault maps used:
D:        dungeon_sprint_mu

Skill      XL: |  1  2  3  4  5  6  7  8 |
---------------+-------------------------+-----
Spellcasting   | 4 5 6 7 10 12 | 12.9
Fighting       | 1 2 4 5 |  5.7
Armour         | 1 2 3 4 5 |  5.7
Dodging        | 3 4 5 7 8 |  8.7
Conjurations   | 2 3 4 6 7 |  7.7
Fire Magic     | 4 5 7 8 |  8.4
Short Blades   | 3 4 5 |  5.6
Poison Magic   | 1 3 |  3.0
Earth Magic    | 2 |  2.1
Stealth        | |  2.4

Action                   |  1- 3 |  4- 6 |  7- 9 || total
-------------------------+-------+-------+-------++-------
Melee: Dagger            |       |       |     1 ||     1
       Headbutt          |       |       |     1 ||     1
 Cast: Flame Tongue      |    15 |     4 |    47 ||    66
       Throw Flame       |     2 |     2 |     4 ||     8
       Sticky Flame      |       |     3 |     4 ||     7
       Conjure Flame     |       |     1 |     5 ||     6
       Fireball          |       |       |     2 ||     2
       Inner Flame       |       |       |     2 ||     2
  Use: Potion            |     1 |     3 |       ||     4
       Scroll            |       |     3 |       ||     3
 Stab: Sleeping          |       |       |     1 ||     1
  Eat: Bread ration      |       |       |     1 ||     1
       Chunk             |       |       |     1 ||     1
Dodge: Dodged            |     5 |     8 |     9 ||    22
